 Dungeon Crawl Stone Soup version 0.24-a0-441-g27f0392e16 (webtiles) character file.

Game seed: 15878281672576891551

2403 kidcy the Fighter (level 9, -3/75 HPs)
             Began as a Hill Orc Fighter on June 19, 2019.
             Was a Follower of Ashenzari.
             Slain by an orc warrior
             ... wielding a +0 war axe
              (9 damage)
             ... in a bailey.
             The game lasted 00:14:29 (7269 turns).

kidcy the Fighter (Hill Orc Fighter)                Turns: 7269, Time: 00:14:30

Health: -3/75      AC: 11    Str: 19    XL:     9   Next: 47%
Magic:  0/9        EV: 11    Int:  8    God:    Ashenzari [*.....]
Gold:   532        SH:  8    Dex: 13    Spells: 8/8 levels left

rFire    + . .     SeeInvis .   a - +1 long sword
rCold    + . .     Gourm    .   e - +3 buckler (curse)
rNeg     . . .     Faith    .   p - +0 chain mail
rPois    +         Spirit   +   (no helmet)
rElec    +         Reflect  .   g - scarf {Spirit}
rCorr    +         Harm     .   (no gloves)
MR       +....                  (no boots)
Stlth    ..........             (no amulet)
HPRegen  0.22/turn              s - +4 ring of evasion (curse)
MPRegen  0.11/turn              i - ring of protection from magic

@: resistant, hasted, very quick
A: frail 1, shaggy fur 1
a: Curse Item, Scrying, Renounce Religion


You were in a bailey.
You worshipped Ashenzari.
Ashenzari was aware of your devotion.
You were not hungry.

You visited 1 branch of the dungeon, and saw 8 of its levels.
You also visited: Bailey.

You collected 532 gold pieces.

Inventory:

Hand Weapons
 a - a +1 long sword (weapon)
Armour
 e - a cursed +3 buckler (worn)
 g - a scarf of spirit shield (worn)
 p - a +0 chain mail (worn)
Jewellery
 i - a ring of protection from magic (right hand)
 s - a cursed +4 ring of evasion (left hand)
Scrolls
 c - 2 scrolls of amnesia
 m - 5 scrolls of teleportation
 o - 2 scrolls of fog
 t - a scroll of enchant weapon
 w - a scroll of magic mapping
Potions
 q - a potion of lignification
Comestibles
 f - 14 rations
 v - 2 chunks of flesh


   Skills:
 * Level 9.4 Fighting
 * Level 8.2 Long Blades
 + Level 6.3 Armour
 + Level 6.4 Shields


You had 8 spell levels left.
You didn't know any spells.
Your spell library contained the following spells:

 Spells                   Type           Power        Failure   Level  Hunger
 Magic Dart               Conj           #...         99%         1    ##.....
 Blink                    Tloc           N/A          99%         2    ###....
 Call Imp                 Summ           #.......     99%         2    ###....
 Slow                     Hex            #.......     99%         2    ###....
 Conjure Flame            Conj/Fire      #.......     100%        3    ####...
 Mephitic Cloud           Conj/Pois/Air  #.......     100%        3    ####...


Dungeon Overview and Level Annotations

Branches:
Dungeon (8/15)             Temple (0/1) D:7
   Lair: D:8-11

Altars:
Ashenzari
Cheibriados
Dithmenos
Kikubaaqudgha
Makhleb
Ru
Uskayaw
Wu Jian

Shops:
D:5 *


Innate Abilities, Weirdness & Mutations

You are frail. (-10% HP)
You are covered in fur. (AC +1)


Message History

You kill the goblin!
You closely miss the orc warrior.
The orc warrior is moderately wounded.
The sentinel's mark upon you fades away.
You block the orc warrior's attack.
You hit the orc warrior but do no damage.
The orc warrior is moderately wounded.
The orc warrior hits you with a +0 war axe!!
* * * LOW HITPOINT WARNING * * *
You hit the orc warrior but do no damage.
The orc warrior is moderately wounded.
You block the orc warrior's attack.
You closely miss the orc warrior.
The orc warrior is moderately wounded.
You feel yourself speed up.
The orc warrior hits you with a +0 war axe.
* * * LOW HITPOINT WARNING * * *
You feel protected.
The orc warrior hits you with a +0 war axe!
You die...

≈.≈ ≈.≈ ##'##
#...# #...#
#gg.#
######'######
#...#..{#@..#
#.....8go..[#
#...#...#...#
######.######
#...# #...#
#.(.# #####


You could see an orc warrior and a goblin.

Vanquished Creatures
  Psyche (D:8)
  A hippogriff (D:8)
  A spriggan (D:7)
  2 orc warriors (Bailey)
  An ice beast (D:5)
  A sky beast (D:7)
  2 ogres
  A centaur (D:7)
  A crimson imp (D:6)
  3 orc priests
  A centaur skeleton (D:7)
  4 hounds
  A gnoll shaman (D:3)
  Natasha (twice) (D:2)
  3 iguanas
  4 orc wizards
  8 worker ants
  Terence (D:2)
  A killer bee zombie (D:7)
  A hound skeleton (D:4)
  7 gnolls
  16 adders
  An adder zombie (D:5)
  An adder skeleton (D:4)
  2 worms
  A dart slug (D:1)
  3 leopard geckos
  30 orcs
  A bat skeleton (D:2)
  3 giant cockroaches
  10 goblins
  7 hobgoblins
  4 jackals (D:6)
  6 kobolds
  A quokka (D:2)
  3 bats
  8 frilled lizards
  A jackal skeleton (D:2)
  A jackal zombie (D:4)
  2 leopard gecko skeletons
  3 quokka skeletons
  A quokka zombie (D:8)
  10 rats
162 creatures vanquished.

Notes
Turn   | Place    | Note
-------+----------+-------------------------------------------
     0 | D:1      | kidcy the Hill Orc Fighter began the quest for the Orb.
     0 | D:1      | Reached XP level 1. HP: 19/19 MP: 1/1
   348 | D:1      | Reached XP level 2. HP: 22/27 MP: 2/2
   523 | D:1      | Reached skill level 4 in Fighting
  1173 | D:2      | Reached XP level 3. HP: 11/33 MP: 1/3
  1286 | D:2      | Noticed Natasha
  1295 | D:2      | Killed Natasha
  1295 | D:2      | Reached XP level 4. HP: 20/41 MP: 2/4
  1406 | D:2      | Noticed Terence
  1471 | D:2      | Killed Terence
  1708 | D:2      | Noticed Natasha
  1717 | D:2      | Killed Natasha
  1717 | D:2      | Reached XP level 5. HP: 27/47 MP: 2/5
  1870 | D:2      | Found a snail-covered altar of Cheibriados.
  1928 | D:2      | Reached skill level 5 in Fighting
  1949 | D:2      | Noticed a big kobold
  2306 | D:3      | Found a shattered altar of Ashenzari.
  2452 | D:3      | Became a worshipper of Ashenzari the Shackled
  3083 | D:3      | Reached XP level 6. HP: 36/56 MP: 2/6
  3378 | D:4      | Found a burning altar of Makhleb.
  4056 | D:4      | Reached skill level 6 in Fighting
  4088 | D:4      | Reached XP level 7. HP: 36/63 MP: 7/7
  4197 | D:4      | Reached skill level 5 in Long Blades
  4642 | D:5      | Entered Level 5 of the Dungeon
  4684 | D:5      | Found a sacrificial altar of Ru.
  4684 | D:5      | Found an ancient bone altar of Kikubaaqudgha.
  5366 | D:5      | Found Jisu Vud's Assorted Antiques.
  5570 | D:6      | Reached skill level 5 in Shields
  5589 | D:6      | Reached skill level 7 in Fighting
  5715 | D:6      | Reached skill level 5 in Armour
  5715 | D:6      | Reached XP level 8. HP: 73/73 MP: 8/8
  5868 | D:6      | Reached * piety under Ashenzari
  6362 | D:7      | Found a staircase to the Ecumenical Temple.
  6483 | D:7      | Reached skill level 8 in Fighting
  6663 | D:7      | Noticed a spriggan baker
  6670 | D:7      | Killed a spriggan baker
  6769 | D:7      | Reached XP level 9. HP: 81/82 MP: 9/9
  6859 | D:7      | Found a shadowy altar of Dithmenos.
  6861 | D:7      | Found an ornate altar of the Wu Jian Council.
  6862 | D:7      | Found a hide-covered altar of Uskayaw.
  7056 | D:8      | Noticed Psyche
  7066 | D:8      | Killed Psyche
  7066 | D:8      | Reached skill level 9 in Fighting
  7078 | D:8      | Found a flagged portal.
  7110 | Bailey   | Entered a bailey
  7203 | Bailey   | Gained mutation: You are frail. (-10% HP) [potion of
                  | mutation]
  7203 | Bailey   | Gained mutation: You are covered in fur. (AC +1) [potion of
                  | mutation]
  7269 | Bailey   | Slain by an orc warrior

Levels and vault maps discovered:
D:1:      dpeg_arrival_boxorama, layout_basic, nrook_mini_vaults
D:2:      layout_basic, old_standard_altar, first_ration, serial_undead,
          serial_undead_b, serial_undead_c, serial_undead_d, serial_undead_b,
          chequers_garden, lightli_corner_chamber, uniq_terence, uniq_natasha
D:3:      layout_loops_ring, nicolae_ashenzari_panopticon
D:4:      layout_rooms, bloody_makhleb
D:5:      layout_basic, gammafunk_temple_overflow_elements, serial_shops, shop,
          serial_bayou_crossing
D:6:      layout_basic
D:7:      layout_loops_cross, gammafunk_temple_overflow_forgotten,
          temple_fountains, the_bakery
D:8:      layout_basic, enter_bailey_7, uniq_gastronok, uniq_pikel,
          uniq_maurice, uniq_psyche
Bailey:   bailey_axe_1, bailey

Skill      XL: |  1  2  3  4  5  6  7  8  9 |
---------------+----------------------------+-----
Fighting       | 4 5 6 7 8 9 |  9.4
Long Blades    | 3 4 5 7 8 |  8.2
Shields        | 4 5 6 |  6.4
Armour         | 4 5 6 |  6.3

Action                   |  1- 3 |  4- 6 |  7- 9 || total
-------------------------+-------+-------+-------++-------
Melee: Long sword        |    78 |   221 |   385 ||   684
Invok: Curse Item        |       |       |     2 ||     2
  Use: Scroll            |     3 |     4 |     7 ||    14
       Potion            |     1 |       |    11 ||    12
  Eat: Chunk             |     1 |    10 |    11 ||    22
Armor: Scale mail        |    21 |    84 |     4 ||   109
       Chain mail        |       |       |   104 ||   104
       Skin              |       |       |    13 ||    13
Dodge: Dodged            |    31 |   145 |   175 ||   351
Block: Shield            |     7 |       |       ||     7
       Buckler           |    16 |   117 |   175 ||   308
       Rpst.: Long sword |     9 |    41 |    52 ||   102

Table legend:
 A = Non-vault XP
 B = Vault XP
 C = Vault XP percentage of total XP
 D = Non-vault monster count
 E = Vault monster count
 F = Vault count percentage of total count
                 A         B        C        D         E       F
            +---------+---------+-------+---------+---------+-------
      Total |    2354 |    1080 |  31.5 |     140 |      22 |  13.6
            +---------+---------+-------+---------+---------+-------
        D:1 |      31 |       0 |   0.0 |      17 |       0 |   0.0
        D:2 |      86 |      72 |  45.6 |      17 |       6 |  26.1
        D:3 |     227 |       0 |   0.0 |      25 |       0 |   0.0
        D:4 |     290 |       0 |   0.0 |      23 |       0 |   0.0
        D:5 |     391 |       0 |   0.0 |      17 |       0 |   0.0
        D:6 |     371 |       0 |   0.0 |      25 |       0 |   0.0
        D:7 |     707 |     229 |  24.5 |      14 |       1 |   6.7
        D:8 |     251 |     482 |  65.8 |       2 |       5 |  71.4
     Bailey |       0 |     297 | 100.0 |       0 |      10 | 100.0
            +---------+---------+-------+---------+---------+-------
